 Dungeon Crawl Stone Soup version 0.30.1 (webtiles) character file.

Game seed: 16579625092664836681

666848 Dadi the Sorcerer (level 27, -5/155 HPs)
             Began as a Deep Elf Conjurer on June 27, 2023.
             Was the Champion of Vehumet.
             Slain by a death cob (9 damage)
             ... on level 1 of the Realm of Zot on July 2, 2023.
             The game lasted 06:22:52 (96425 turns).

Dadi the Sorcerer (Deep Elf Conjurer)              Turns: 96425, Time: 06:22:54

Health: -5/155     AC: 16    Str:  5 (12) XL:     27
Magic:  0/63       EV: 12    Int: 22 (33) God:    Vehumet [******]
Gold:   6830       SH: 15    Dex:  4 (13) Spells: 0/76 levels left

rFire   + + +        C - +9 dagger "Jellyslayer" {heavy, rF+ rN++}
rCold   + + +        i - +5 kite shield {reflect}
rNeg    + + +        M - +2 robe {rC+ rF+}
rPois   +            f - +0 helmet "Rejekeav" {Rampage rElec rF+}
rElec   +            O - +2 cloak
rCorr   .            R - +4 pair of gloves of Letolot {rF+++ MP+9 Str+2 Int-5}
SInv    .            g - +0 pair of boots of the Pink Corner {+Inv rC+ Will+ Stlth+}
Will    +++++        j - amulet of Geijoyroi {Spirit rElec Str+6 Dex-5}
Stlth   +            u - ring of Sahylogg {rPois rN+ Will++ Stlth-}
HPRegen 0.45/turn    l - ring of Qitasaif {rC+ rN+ Dex+5}
MPRegen 0.38/turn

%: reflection, guardian spirit, rampage
@: about to teleport, slowed, studying 2 skills, very slow
A: no striking features
}: 4/15 runes: decaying, silver, golden, gossamer
a: Renounce Religion, Evoke Invisibility


You were on level 1 of the Realm of Zot.
You worshipped Vehumet.
Vehumet was exalted by your worship.
You visited 16 branches of the dungeon, and saw 59 of its levels.
You also visited: Ossuary, Bailey, Ice Cave and Wizlab.

You collected 12764 gold pieces.
You spent 5934 gold pieces at shops.

Inventory:

Hand Weapons
 C - the +9 dagger "Jellyslayer" (weapon) {heavy, rF+ rN++}
   (You found it on level 3 of the Dungeon)

   rF:        It protects you from fire.
   rN:        It greatly protects you from negative energy.
 T - the +8 spear of Kismet {heavy, rPois rC+ MP+9 Int+6}
   (You found it on level 4 of the Lair of Beasts)

   Int:       It affects your intelligence (+6).
   rC:        It protects you from cold.
   rPois:     It protects you from poison.
   MP:        It affects your magic capacity (+9).
Armour
 e - a +2 hat of willpower
 f - the +0 helmet "Rejekeav" (worn) {Rampage rElec rF+}
   (You bought it in a shop on level 2 of the Orcish Mines)

   rF:        It protects you from fire.
   rElec:     It insulates you from electricity.
   Rampage:   It bestows one free step when moving towards enemies.
 g - the +0 pair of boots of the Pink Corner (worn) {+Inv rC+ Will+ Stlth+}
   (You found it on level 3 of the Tomb of the Ancients)

   rC:        It protects you from cold.
   +Inv:      It lets you turn invisible.
   Will:      It increases your willpower.
   Stlth:     It makes you more stealthy.
 i - a +5 kite shield of reflection (worn)
 K - the +3 warlock's mirror {omnireflect}
   (You acquired it on level 4 of the Vaults)

   Omnireflect: It can block and reflect piercing ranged attacks and magical
   attacks against the wielder's willpower.
 M - a +2 robe of resistance (worn)
 O - a +2 cloak (worn)
 R - the +4 pair of gloves of Letolot (worn) {rF+++ MP+9 Str+2 Int-5}
   (You found it on level 8 of the Dungeon)

   Str:       It affects your strength (+2).
   Int:       It affects your intelligence (-5).
   rF:        It renders you almost immune to fire.
   MP:        It affects your magic capacity (+9).
Jewellery
 a - a ring of flight
 d - a ring of see invisible
 j - the amulet of Geijoyroi (around neck) {Spirit rElec Str+6 Dex-5}
   (You took it off a deep elf death mage on level 3 of the Elven Halls)

   [amulet of guardian spirit]

   It causes incoming damage to be divided between your reserves of health and
   magic.
   Str:       It affects your strength (+6).
   Dex:       It affects your dexterity (-5).
   rElec:     It insulates you from electricity.
 l - the ring of Qitasaif (right hand) {rC+ rN+ Dex+5}
   (You took it off an ancient champion on level 3 of the Crypt)

   [ring of positive energy]

   Dex:       It affects your dexterity (+5).
   rC:        It protects you from cold.
   rN:        It protects you from negative energy.
 u - the ring of Sahylogg (left hand) {rPois rN+ Will++ Stlth-}
   (You took it off a skeletal warrior on level 3 of the Crypt)

   [ring of positive energy]

   rPois:     It protects you from poison.
   rN:        It protects you from negative energy.
   Will:      It greatly increases your willpower.
   Stlth:     It makes you less stealthy.
 z - a ring of willpower
 U - an amulet of the acrobat
Wands
 E - a wand of polymorph (19)
 F - a wand of paralysis (99)
 N - a wand of quicksilver (45)
 S - a wand of mindburst (62)
 X - a wand of digging (26)
Scrolls
 c - 13 scrolls of fear
 k - 13 scrolls of teleportation
 m - 19 scrolls of enchant weapon
 p - 19 scrolls of fog
 r - a scroll of brand weapon
 t - 4 scrolls of silence
 w - 12 scrolls of blinking
 x - 9 scrolls of amnesia
 y - 5 scrolls of enchant armour
 L - 4 scrolls of magic mapping
 Q - 2 scrolls of summoning
 V - 12 scrolls of poison
Potions
 b - 3 potions of magic
 h - 5 potions of berserk rage
 n - 28 potions of curing
 o - 9 potions of ambrosia
 q - 5 potions of cancellation
 s - 7 potions of degeneration
 v - 16 potions of heal wounds
 A - 4 potions of invisibility
 B - 16 potions of haste
 D - 6 potions of resistance
 G - 5 potions of flight
 I - 3 potions of might
 J - 5 potions of brilliance
 W - 2 potions of experience
 Z - 5 potions of attraction
Miscellaneous
 H - a figurine of a ziggurat
 P - the horn of Geryon


   Skills:
 + Level 11.0 Fighting
 * Level 9.0 Armour
 - Level 20.0 Dodging
 - Level 2.4 Stealth
 - Level 13.0 Shields
 - Level 25.0 Spellcasting
 - Level 23.0 Conjurations
 - Level 10.0 Summonings
 - Level 24.0 Necromancy
 - Level 6.0 Translocations
 - Level 16.0 Transmutations
 - Level 21.0 Fire Magic
 - Level 8.0 Air Magic
 - Level 21.0 Earth Magic


You couldn't memorise any spells.
You knew the following spells:

 Your Spells              Type           Power      Damage    Failure   Level
a - Magic Dart            Conj           100%       1d8       0%          1
b - Borgnjor's Revivific  Necr           46%        N/A       1%          8
c - Dazzling Flash        Conj/Hex       100%       N/A       1%          3
d - Summon Lightning Spi  Summ/Air       61%        N/A       1%          4
e - Iskenderun's Battles  Conj           91%        2d14      0%          5
f - Fireball              Conj/Fire      45%        3d18      0%          5
h - Swiftness             Air            58%        N/A       1%          3
i - Blink                 Tloc           100%       N/A       1%          2
j - Fire Storm            Conj/Fire      45%        8d11      16%         9
k - Borgnjor's Vile Clut  Necr/Erth      45%        N/A       0%          5
l - Lehudib's Crystal Sp  Conj/Erth      45%        10d11     1%          8
m - Necromutation         Tmut/Necr      43%        N/A       9%          8
n - Death's Door          Necr           46%        N/A       26%         9
r - Iron Shot             Conj/Erth      45%        9d9       1%          6

Your spell library contained the following spells:

 Spells                   Type           Power      Damage    Failure   Level
 Ignition                 Fire           44%        3d13      1%          8
 Polar Vortex             Ice            13%        N/A       100%        9
 Necrotise                Necr           100%       1d9       0%          1
 Sandblast                Erth           100%       2d20      0%          1
 Momentum Strike          Conj/Tloc      100%       3d10      0%          2
 Passwall                 Tmut/Erth      69%        N/A       0%          2
 Searing Ray              Conj           100%       2d8       0%          2
 Static Discharge         Conj/Air       100%       2-7/arc   0%          2
 Sublimation of Blood     Necr           93%        N/A       0%          2
 Stone Arrow              Conj/Erth      100%       3d13      0%          3
 Vampiric Draining        Necr           93%        2d12      0%          3
 Animate Dead             Necr           93%        N/A       0%          4
 Dispel Undead            Necr           93%        3d29      0%          4
 Agony                    Necr           93%        N/A       0%          5
 Apportation              Tloc           100%       N/A       1%          1
 Freeze                   Ice            100%       1d10      1%          1
 Sting                    Tmut/Pois      100%       1d8       1%          1
 Summon Small Mammal      Summ           100%       N/A       1%          1
 Cigotuvi's Dreadful Rot  Necr/Pois/Air  100%       N/A       1%          2
 Lesser Beckoning         Tloc           100%       N/A       1%          2
 Poisonous Vapours        Pois/Air       90%        N/A       1%          2
 Call Canine Familiar     Summ           64%        N/A       1%          3
 Gell's Gravitas          Tloc           52%        N/A       1%          3
 Hailstorm                Conj/Ice       67%        3d14      1%          3
 Inner Flame              Hex/Fire       65%        N/A       1%          3
 Mephitic Cloud           Conj/Pois/Air  64%        N/A       1%          3
 Spider Form              Tmut/Pois      58%        N/A       1%          3
 Summon Guardian Golem    Hex/Summ       49%        N/A       1%          3
 Teleport Other           Tloc           52%        N/A       1%          3
 Volatile Blastmotes      Fire/Tloc      100%       2d18      1%          3
 Airstrike                Air            29%        2d(5-21)  1%          4
 Anguish                  Hex/Necr       34%        N/A       1%          4
 Animate Armour           Summ/Erth      100%       N/A       1%          4
 Fulminant Prism          Conj/Hex       33%        3d16      1%          4
 Ice Form                 Ice/Tmut       58%        N/A       1%          4
 Iskenderun's Mystic Bla  Conj/Tloc      74%        2d15      1%          4
 Leda's Liquefaction      Hex/Erth       32%        N/A       1%          4
 Petrify                  Tmut/Erth      83%        N/A       1%          4
 Blade Hands              Tmut           39%        N/A       1%          5
 Freezing Cloud           Conj/Ice/Air   32%        6-21      1%          5
 Irradiate                Conj/Tmut      42%        3d25      1%          5
 Yara's Violent Unravell  Hex/Tmut       29%        3d12      1%          5
 Death Channel            Necr           46%        N/A       1%          6
 Starburst                Conj/Fire      45%        6d13      1%          6
 Statue Form              Tmut/Erth      55%        N/A       1%          6
 Orb of Destruction       Conj           45%        9d12      1%          7
 Spellforged Servitor     Conj/Summ      39%        N/A       1%          7
 Infestation              Necr           46%        N/A       1%          8
 Frozen Ramparts          Ice            54%        1d9       4%          3
 Portal Projectile        Hex/Tloc       80%        N/A       4%          3
 Passage of Golubria      Tloc           52%        N/A       4%          4
 Alistair's Intoxication  Tmut/Pois      38%        N/A       4%          5
 Summon Forest            Summ/Tloc      29%        N/A       4%          5
 Simulacrum               Ice/Necr       34%        N/A       5%          6
 Ensorcelled Hibernation  Hex/Ice        54%        N/A       8%          2
 Eringya's Noxious Bog    Tmut/Pois      29%        N/A       8%          6
 Olgreb's Toxic Radiance  Pois           27%        N/A       13%         4
 Confusing Touch          Hex            27%        N/A       14%         3
 Ozocubu's Armour         Ice            27%        N/A       14%         3
 Tukima's Dance           Hex            27%        N/A       14%         3
 Summon Mana Viper        Hex/Summ       49%        N/A       17%         5
 Shatter                  Erth           44%        3d34*     22%         9
 Silence                  Hex/Air        22%        N/A       26%         5
 Storm Form               Tmut/Air       34%        N/A       30%         7
 Summon Hydra             Summ           32%        N/A       56%         7
 Metabolic Englaciation   Hex/Ice        13%        N/A       80%         5
 Malign Gateway           Summ/Tloc      29%        N/A       83%         7
 Chain Lightning          Conj/Air       38%        3d51      88%         9
 Maxwell's Capacitive Co  Air            29%        ∞         94%         8
 Summon Horrible Things   Summ           32%        N/A       99%         8
 Enfeeble                 Hex            13%        N/A       100%        7
 Ozocubu's Refrigeration  Ice            13%        4d10      100%        7


Dungeon Overview and Level Annotations

Branches:
Dungeon (15/15)            Temple (1/1) D:5            Lair (5/5) D:11
  Swamp (4/4) Lair:2       Spider (4/4) Lair:2        Slime (0/5) Lair:4
    Orc (2/2) D:11            Elf (3/3) Orc:2        Vaults (5/5) D:13
  Crypt (3/3) Vaults:3       Tomb (3/3) Crypt:3      Depths (4/4) D:15
   Hell (visited)             Dis (0/7) Hell            Geh (1/7) Hell
    Coc (5/7) Hell            Tar (1/7) Hell            Zot (2/5) Depths:4
Ossuary (visited)          Bailey (visited)           IceCv (visited)
 WizLab (visited)

Altars:
Ashenzari
Cheibriados
Dithmenos
Elyvilon
Fedhas
Gozag
Hepliaklqana
Kikubaaqudgha
Makhleb
Nemelex Xobeh
Okawaru
Qazlal
Ru
Sif Muna
Trog
Uskayaw
Vehumet
Wu Jian
Xom
Yredelemnul
Zin
The Shining One
Jiyva

Shops:
D:5 *   D:7 :   D:8 *   Orc:2 (:*[   Elf:3 *   Vaults:1 *   Vaults:3 =
Vaults:5 [?!?[:???(!   Depths:4 (

Portals:
Hell: Depths:1 Depths:2 Depths:3 Depths:4
Abyss: Depths:1 Depths:3 Depths:4
Pandemonium: Depths:1 Depths:2 Depths:3
Ziggurat: Depths:2


Message History

The frost giant moves out of view.
A death cob comes into view.
You block something's attack. Something hits you but does no damage.
You block something's attack.
Your lightning spire shoots out a bolt of lightning at the guardian serpent!
The bolt of electricity hits the guardian serpent!
Something hits you! x2
You feel dopey.
Something stings you but does no damage.
The death cob gives a chilling moan.
You hear a shout!
You hear a deafening roar!
The guardian serpent casts a spell at you.
The guardian serpent blinks!
The death cob blinks!
The guardian serpent casts a spell at you.
You resist with almost no effort.
The frost giant hits you with a +0 short sword!
The frost giant attacks as you move away!
The frost giant hits you but does no damage.
A guardian serpent comes into view.
You block the death cob's attack.
You feel you are being watched by something.
You feel your power leaking away. The death cob hits you!!
* * * LOW HITPOINT WARNING * * *
The death cob drains your vigour!
You feel yourself slow down.
The guardian serpent coils itself and waves its upper body at you.
The frost giant blinks!
The guardian serpent misses you. Something hits you!
* * * LOW HITPOINT WARNING * * *
You feel dopey. You block something's attack. Something stings you!
* * * LOW HITPOINT WARNING * * *
You feel dopey.
The guardian serpent attacks as you move away!
You block the guardian serpent's attack.
The death cob attacks as you move away! The death cob barely misses you.
The death cob closely misses you.
The guardian serpent coils itself and waves its upper body at you.
The bolt of poison misses you. The death cob hits you!
You die...

#################################
..).'8.......S...................
....[.......§...C................
############..S.z.##############.
##.....@## ## ##.....## ##
#.....## ## #.....# #.....#
##.S..# #....# ##...# ##


You could see a frost giant, a death cob and 3 guardian serpents.

Vanquished Creatures
  A dread lich (WizLab)
  2 ancient liches
  Mara (Depths:2)
  25 royal mummies
  3 shard shrikes
  Bai Suzhen (Depths:2)
  10 golden dragons
  Geryon (Hell)
  A profane servitor (Tar:1)
  Jory (Vaults:2)
  A Tzitzimitl (Hell)
  2 bone dragons (Crypt:3)
  3 Ice Fiends
  A doom hound (Tar:1)
  An electric golem (Zot:1)
  9 tentacled monstrosities
  Rupert (Spider:1)
  3 searing wretches (Depths:1)
  5 liches
  A tainted leviathan (Tar:1)
  6 titans
  A deep elf blademaster (Elf:3)
  Asterion (Depths:2)
  The ghost of Wueresid the Spry, an adept DEHW of Sif Muna (Vaults:2)
  3 quicksilver dragons
  2 deep elf master archers (Elf:3)
  13 ancient champions
  A death cob (Zot:1)
  Murray (Depths:1)
  14 sphinxes
  Kirke (Spider:4)
  2 thorn hunters
  6 fenstrider witches (Swamp:4)
  5 shadow dragons
  An azure jelly (Coc:1)
  3 storm dragons (Vaults:5)
  5 narguns
  6 tengu reavers
  2 revenants
  Roxanne (Spider:1)
  A spectral juggernaut (Tar:1)
  23 vault wardens
  7 deep elf sorcerers
  9 frost giants
  7 emperor scorpions
  3 balrugs
  Aizul (Spider:4)
  7 fire giants
  A shard shrike simulacrum (Coc:1)
  A draconian scorcher (Depths:4)
  A caustic shrike zombie (Crypt:2)
  A ghost moth (Zot:1)
  28 very ugly things
  A curse skull (Crypt:2)
  2 deep elf elementalists (Depths:2)
  2 juggernaut zombies
  A cacodemon (Depths:1)
  A spriggan defender (Depths:3)
  8 broodmothers
  3 reapers
  5 ghouls
  A juggernaut skeleton (Hell)
  3 war gargoyles (Vaults:2)
  A draconian annihilator (Depths:4)
  26 ironbound preservers
  8 ironbound thunderhulks
  A caustic shrike skeleton (Crypt:3)
  6 deep elf demonologists
  3 black draconians (Zot:1)
  2 grey draconians (Depths:4)
  9 eleionomae
  10 stone giants
  8 elemental wellsprings
  6 bunyips
  6 vampire knights
  2 putrid mouths
  3 green draconians
  4 wendigos
  Nessos (D:15)
  A red draconian (Depths:4)
  16 dire elephants
  5 purple draconians
  15 bennus
  8 deep elf annihilators
  2 white draconians
  A spectral titan (Tar:1)
  8 spark wasps
  3 yellow draconians (Zot:1)
  2 iron golems (Depths:1)
  A green death (Hell)
  4 blizzard demons
  32 mummy priests
  8 fire dragons
  5 deep elf death magi
  An eidolon (Tar:1)
  A merfolk javelineer (Depths:3)
  10 entropy weavers
  12 ettins
  A spectral quicksilver dragon (Tar:1)
  Josephine (Spider:1)
  10 great orbs of eyes
  3 spriggan zombies
  9 yaktaur captains
  3 crystal guardians
  4 hell beasts
  23 jiangshi
  8 ice dragons
  Harold (D:9)
  6 deep elf high priests
  An ogre mage (Vaults:3)
  A shambling mangrove (Swamp:4)
  39 vault guards
  5 salamander tyrants
  3 caustic shrike simulacra (Coc:4)
  3 peacekeepers
  A catoblepas (Lair:2)
  11 hydras
  A juggernaut simulacrum (Coc:2)
  2 radroaches
  An anaconda (shapeshifter) (Vaults:5)
  6 spriggan air magi
  A stoker (Depths:1)
  3 boulder beetles
  3 rakshasas
  4 ironbound frosthearts
  24 centaur warriors
  3 ghost crabs (Geh:1)
  3 spriggan skeletons
  3 death knights
  24 dancing weapons
  7 alligators
  2 two-headed ogres (Vaults:3)
  7 death yaks (Lair:5)
  6 deep troll shamans
  9 deep troll earth magi
  4 tengu warriors
  49 death scarabs
  11 vampire magi
  10 hell hogs
  2 spectral dire elephants (Tar:1)
  5 spriggan berserkers
  A storm dragon zombie (WizLab)
  4 orc high priests (Orc:2)
  Sonja (Orc:1)
  15 deep elf knights
  A spectral emperor scorpion (Tar:1)
  6 sun demons
  2 crystal echidnas
  2 shadow wraiths
  10 hell knights
  A bunyip zombie (Crypt:2)
  11 soul eaters
  A salamander mystic (Depths:4)
  3 sixfirhies
  A storm dragon skeleton (Hell)
  10 pharaoh ants
  A spark wasp zombie (WizLab)
  A goliath frog (Swamp:2)
  A sun moth (Spider:2)
  3 iron trolls
  A goliath frog (shapeshifter) (D:15)
  2 anaconda zombies
  A golden dragon zombie (WizLab)
  47 skeletal warriors
  7 spriggan druids
  56 deep trolls
  4 flayed ghosts
  4 glowing orange brains
  An orb spider (shapeshifter) (Vaults:2)
  A quicksilver dragon simulacrum (Coc:4)
  8 swamp dragons
  A harpy (Vaults:3)
  8 orb spiders
  3 bog bodies
  4 lindwurms
  7 deep elf archers
  4 orange crystal statues
  An anaconda skeleton (Crypt:3)
  A shadow demon (Depths:2)
  15 necromancers
  3 bunyip skeletons
  12 wizards
  A swamp dragon (shapeshifter) (Elf:3)
  29 deep elf pyromancers
  7 steelbarb worms
  24 deep elf zephyrmancers
  9 phantasmal warriors
  A will-o-the-wisp (Swamp:3)
  6 orc knights (Orc:2)
  A spriggan simulacrum (Crypt:1)
  26 wolf spiders
  27 ironbound convokers
  57 ugly things
  2 tengu skeletons
  A salamander (shapeshifter) (D:15)
  A shadow dragon skeleton (Crypt:2)
  4 cyclopes
  A tengu zombie (Tomb:1)
  4 orc sorcerers
  A stone giant zombie (Crypt:2)
  6 salamanders
  5 manticores
  An oklob plant (D:11)
  A moth of wrath (shapeshifter) (Vaults:5)
  7 moths of wrath (Zot:1)
  A cyclops (shapeshifter) (Depths:3)
  A spectral centaur (Tar:1)
  3 elephants (Lair:5)
  21 vault sentinels
  A human skeleton (Vaults:3)
  Maurice (Orc:1)
  2 black mambas
  2 dire elephant zombies (Lair:5)
  A water nymph (shapeshifter) (Vaults:5)
  An eye of devastation (shapeshifter) (Vaults:5)
  A gargoyle (D:11)
  5 cane toads
  2 dire elephant skeletons
  6 torpor snails
  2 storm dragon simulacra
  5 demonic crawlers (Spider:2)
  2 titan simulacra
  4 orange demons
  14 rime drakes
  2 unseen horrors
  4 centaur skeletons
  A kobold demonologist (D:10)
  3 naga skeletons (Crypt:3)
  3 hellions
  A green draconian zombie (Crypt:1)
  An alligator snapping turtle skeleton (Crypt:2)
  A catoblepas zombie (Crypt:3)
  A black draconian zombie (Crypt:1)
  A sea snake zombie (Crypt:2)
  2 tengu conjurers
  3 tormentors
  A yaktaur skeleton (Vaults:3)
  An efreet (D:15)
  34 yaktaurs
  8 freezing wraiths
  3 bunyip simulacra
  5 komodo dragons
  4 anaconda simulacra
  50 guardian mummies
  An ice devil (Hell)
  A green draconian skeleton (Crypt:3)
  6 meliai
  A wind drake (shapeshifter) (D:15)
  7 harpy zombies
  8 tyrant leeches
  A bloated husk (Swamp:2)
  16 hornets
  5 trolls
  A queen bee (Spider:2)
  2 spectral harpies (Tar:1)
  3 harpy skeletons
  25 tarantellas
  2 spectral elephants (Lair:5)
  A hydra skeleton (Crypt:3)
  5 blink frogs
  21 polar bears
  An ice dragon zombie (Crypt:1)
  15 jumping spiders
  2 stone giant simulacra
  A spectral black mamba (Tar:1)
  A black mamba zombie (Crypt:3)
  30 flying skulls
  6 water elementals
  2 shadows (D:13)
  An ettin skeleton (Hell)
  A human simulacrum (Vaults:4)
  3 air elementals
  14 spriggans
  19 culicivoras
  28 slime creatures
  4 wyverns
  6 dire elephant simulacra
  A satyr skeleton (Crypt:1)
  9 wraiths
  7 hogs (Spider:4)
  26 ushabtiu
  15 yaks
  2 fire bats (Depths:4)
  3 fire elementals
  58 redbacks
  3 basilisks
  A neqoxec (Swamp:4)
  An alligator snapping turtle simulacrum (Coc:3)
  2 chaos spawn
  A death yak simulacrum (Lair:5)
  8 vampire mosquitoes
  8 harpy simulacra
  A spectral cane toad (Lair:5)
  A deep troll zombie (Tomb:1)
  3 wargs
  An acid dragon (D:9)
  A two-headed ogre zombie (Hell)
  19 swamp worms
  A demonspawn zombie (Crypt:3)
  5 water moccasins
  A hydra simulacrum (Coc:1)
  A water moccasin (shapeshifter) (Vaults:5)
  A glowing shapeshifter skeleton (Vaults:4)
  2 floating eyes (Depths:3)
  2 black bears
  A dream sheep zombie (Crypt:1)
  20 orc warriors
  3 ice beasts
  5 ettin simulacra
  A black mamba simulacrum (Coc:2)
  3 sky beasts
  A lindwurm skeleton (Crypt:2)
  9 ogres
  9 boggarts
  A centaur (shapeshifter) (Vaults:5)
  A dream sheep skeleton (Crypt:3)
  An elephant skeleton (Lair:5)
  A hog zombie (Crypt:2)
  10 centaurs
  A phantom (D:6)
  A kobold brigand (D:10)
  A rime drake skeleton (Crypt:1)
  A fire crab zombie (Crypt:3)
  3 elf zombies
  7 necrophages
  3 bullfrogs
  A scorpion (D:4)
  2 cane toad simulacra (Lair:5)
  2 earth elementals
  4 wights
  A wyvern skeleton (Crypt:2)
  10 killer bees (Spider:2)
  An elephant simulacrum (Lair:5)
  8 electric eels
  6 howler monkeys
  A centaur zombie (Ossuary)
  A hound (D:5)
  5 human zombies
  3 jellies
  23 orc priests
  A gnoll bouda (D:4)
  Terence (D:2)
  2 sleepcaps (D:5)
  2 iguanas
  10 orc wizards
  A hell rat (Lair:3)
  An acid dragon skeleton (Crypt:3)
  36 mummies
  Robin (D:2)
  12 gnolls
  5 adders
  A river rat (Lair:3)
  2 white imps
  2 ufetubi
  6 worms
  4 dart slugs
  56 orcs
  9 ball pythons
  4 bats
  5 endoplasms
  4 giant cockroaches
  20 goblins
  9 hobgoblins
  11 kobolds
  9 quokkas
  A frilled lizard (D:1)
  5 rats
  A rat zombie (D:8)
  7 fire vortices
2314 creatures vanquished.

Vanquished Creatures (collateral kills)
  A royal mummy (Tomb:3)
  A golden dragon (Zot:1)
  Nikola (Spider:4)
  A Tzitzimitl (Hell)
  A lich (Depths:2)
  Frances (D:12)
  A thorn hunter (Swamp:4)
  A sphinx (Tomb:1)
  2 ancient champions (Tomb:2)
  Donald (Spider:1)
  2 frost giants
  An azure jelly (Elf:3)
  A fire giant (Depths:2)
  4 vault wardens
  A deep elf sorcerer (Elf:3)
  A caustic shrike skeleton (Crypt:3)
  4 very ugly things
  An ironbound thunderhulk (Vaults:1)
  A juggernaut skeleton (Crypt:3)
  An elemental wellspring (Coc:3)
  A stone giant (Depths:4)
  An ironbound preserver (Vaults:2)
  4 deep elf annihilators
  An eleionoma (Swamp:3)
  4 dire elephants
  A red draconian (Depths:4)
  A bennu (Tomb:3)
  A deep elf death mage (Elf:3)
  An ettin (Vaults:5)
  Snorg (D:12)
  An eidolon (Vaults:3)
  A yaktaur captain (Vaults:5)
  An entropy weaver (Spider:2)
  2 jiangshi (Crypt:2)
  An ogre mage (Swamp:4)
  An ice dragon (Depths:1)
  A spriggan zombie (Tomb:2)
  7 vault guards
  A salamander tyrant (Depths:2)
  4 hydras
  A catoblepas (Lair:2)
  A quicksilver dragon skeleton (Crypt:2)
  An alligator (Swamp:2)
  Erica (D:8)
  2 centaur warriors (Vaults:1)
  2 two-headed ogres
  An ironbound frostheart (Vaults:2)
  3 death scarabs
  A boulder beetle (D:13)
  A titan zombie (WizLab)
  An orc high priest (Orc:2)
  3 death yaks (Lair:5)
  A spectral death yak (Lair:5)
  A pharaoh ant (Spider:2)
  A fire crab (D:13)
  16 skeletal warriors
  A goliath frog (Swamp:1)
  A storm dragon skeleton (Crypt:3)
  An anaconda zombie (Crypt:1)
  An orb spider (Spider:4)
  A spectral anaconda (Lair:5)
  2 spriggan druids
  A swamp dragon (Swamp:4)
  2 deep elf archers (Elf:3)
  8 deep trolls
  A glowing orange brain (Vaults:1)
  3 bog bodies
  A bunyip skeleton (Tomb:2)
  2 steelbarb worms
  A deep elf zephyrmancer (Elf:2)
  An obsidian statue (Lair:5)
  7 ironbound convokers
  6 deep elf pyromancers
  A phantasmal warrior (D:14)
  3 orc knights
  The ghost of MrAu the Nimble, a novice FeMo of Dithmenos (D:8)
  A goliath frog skeleton (Crypt:3)
  An oklob plant (D:11)
  13 ugly things
  3 wolf spiders
  A manticore (D:13)
  6 elephants
  A will-o-the-wisp (Swamp:4)
  2 iron dragon skeletons
  A vault sentinel (Vaults:3)
  2 black mambas (Lair:1)
  A stone giant skeleton (Vaults:4)
  5 cane toads
  A grey draconian zombie (Crypt:2)
  A rime drake (Lair:5)
  A centaur skeleton (Crypt:3)
  3 yaktaurs (Vaults:3)
  A freezing wraith (D:14)
  2 komodo dragons
  An anaconda simulacrum (Coc:2)
  A white draconian skeleton (Crypt:1)
  A silent spectre (Tar:1)
  A bloated husk (Swamp:4)
  3 guardian mummies
  A spectral harpy (Tar:1)
  3 trolls
  A tyrant leech (Swamp:2)
  3 blink frogs
  A hornet (Swamp:3)
  4 tarantellas
  A spectral elephant (Lair:5)
  A harpy skeleton (Crypt:3)
  3 slime creatures
  2 jumping spiders
  A centaur simulacrum (D:14)
  A culicivora (Spider:1)
  5 spriggans
  A shadow (D:13)
  3 wraiths
  2 ushabtiu (Tomb:3)
  2 wyverns
  16 yaks
  A neqoxec (Swamp:4)
  4 vampire mosquitoes
  2 basilisks
  A vampire (D:10)
  4 redbacks
  A warg (Orc:2)
  3 swamp worms (Swamp:2)
  An acid dragon (Bailey)
  12 water moccasins
  13 orc warriors
  An ice beast (D:6)
  2 black bears
  An elephant zombie (Lair:5)
  A boggart (Zot:1)
  8 ogres
  A hog skeleton (Crypt:1)
  A kobold brigand (D:9)
  A gnoll sergeant (D:8)
  2 necrophages
  4 bullfrogs
  3 scorpions
  6 wights
  A killer bee (Spider:2)
  An elephant simulacrum (Lair:5)
  3 howler monkeys
  5 centaur zombies
  2 human zombies (Ossuary)
  A hound (D:6)
  A jelly (D:6)
  4 orc priests
  A gnoll bouda (D:9)
  3 orc wizards (D:9)
  5 hell rats (Lair:3)
  11 mummies
  10 gnolls
  An adder (D:6)
  3 river rats (Lair:3)
  An iguana skeleton (Crypt:2)
  2 worms (Spider:2)
  18 orcs
  A goblin (D:9)
  6 kobolds
  A quokka skeleton (Crypt:2)
404 creatures vanquished.

Vanquished Creatures (others)
  A spriggan simulacrum (Coc:1)
  2 water elementals (Depths:1)
  A swamp dragon simulacrum (Coc:1)
  452 fire vortices
  54 fulminant prisms
510 creatures vanquished.

Grand Total: 3228 creatures vanquished

Notes
Turn   | Place    | Note
-------+----------+-------------------------------------------
     0 | D:1      | Dadi the Deep Elf Conjurer began the quest for the Orb.
     0 | D:1      | Reached XP level 1. HP: 10/10 MP: 6/6
   267 | D:1      | Reached XP level 2. HP: 15/15 MP: 5/8
   716 | D:1      | Reached skill level 4 in Spellcasting
   741 | D:1      | Reached skill level 5 in Conjurations
   741 | D:1      | Reached XP level 3. HP: 19/19 MP: 7/10
   750 | D:1      | Learned a level 2 spell: Searing Ray
   754 | D:1      | Learned a level 3 spell: Dazzling Flash
  1302 | D:2      | Noticed Robin
  1312 | D:2      | Reached XP level 4. HP: 22/24 MP: 8/12
  1316 | D:2      | Killed Robin
  1650 | D:2      | Noticed Terence
  1666 | D:2      | Killed Terence
  1667 | D:2      | Reached skill level 5 in Spellcasting
  1868 | D:3      | Identified the +9 dagger "Jellyslayer" {heavy, rF+ rN++}
  2117 | D:3      | Noticed a great orb of eyes
  2118 | D:3      | Found a faded altar of an unknown god.
  2127 | D:3      | Noticed a shining eye
  2130 | D:3      | Noticed an eye of devastation
  2130 | D:3      | Noticed a great orb of eyes
  2133 | D:3      | Reached XP level 5. HP: 28/28 MP: 12/14
  2230 | D:3      | Found a blossoming altar of Fedhas.
  2368 | D:4      | Noticed an ogre
  2377 | D:4      | Killed an ogre
  2378 | D:4      | Reached skill level 6 in Spellcasting
  2378 | D:4      | Reached skill level 1 in Summonings
  2378 | D:4      | Reached skill level 1 in Air Magic
  2521 | D:4      | Reached XP level 6. HP: 32/32 MP: 13/17
  2584 | D:4      | Learned a level 4 spell: Summon Lightning Spire
  2589 | D:4      | Learned a level 4 spell: Airstrike
  2867 | D:4      | Reached skill level 5 in Summonings
  2871 | D:4      | Reached XP level 7. HP: 25/36 MP: 11/18
  3110 | D:5      | Entered Level 5 of the Dungeon
  3298 | D:5      | Reached skill level 5 in Air Magic
  3378 | D:5      | Reached XP level 8. HP: 41/41 MP: 11/19
  3488 | D:5      | Found Zuti's Gadget Gallery.
  3826 | D:5      | Noticed a hornet
  3830 | D:5      | Killed a hornet
  3927 | D:5      | Found a staircase to the Ecumenical Temple.
  3932 | Temple   | Entered the Ecumenical Temple
  3983 | Temple   | Became a worshipper of Vehumet
  4190 | D:6      | Reached skill level 10 in Summonings
  4190 | D:6      | Reached XP level 9. HP: 46/46 MP: 20/20
  4218 | D:6      | Reached skill level 1 in Fighting
  4918 | D:7      | Found Gyobeit's Book Shoppe.
  5698 | D:7      | Reached skill level 5 in Dodging
  6121 | D:8      | Found a runed translucent door.
  6121 | D:8      | Noticed MrAu's ghost (novice FeMo)
  6125 | D:8      | Found a sand-covered staircase.
  6140 | Ossuary  | Entered an ossuary
  6247 | Ossuary  | Reached * piety under Vehumet
  6247 | Ossuary  | Offered knowledge of Freeze by Vehumet.
  6389 | D:8      | Found Qeom's General Store.
  6501 | D:8      | Noticed Erica
  6506 | D:8      | Reached skill level 1 in Shields
  6511 | D:8      | Killed Erica
  6512 | D:8      | Reached XP level 10. HP: 31/58 MP: 21/21
  6623 | D:8      | Found a hide-covered altar of Uskayaw.
  6892 | D:8      | Found a glowing silver altar of Zin.
  6901 | D:8      | Found a hazy altar of Hepliaklqana.
  7217 | D:8      | Identified the +4 pair of gloves of Letolot {rF+++ MP+9
                  | Str+2 Int-5}
  7398 | D:8      | Killed MrAu's ghost
  7399 | D:8      | Reached skill level 5 in Fighting
  7399 | D:8      | Reached skill level 5 in Shields
  7450 | D:9      | Offered knowledge of Foxfire by Vehumet.
  7450 | D:9      | Reached ** piety under Vehumet
  7485 | D:9      | Found a flagged portal.
  7504 | Bailey   | Entered a bailey
  7928 | Bailey   | Noticed a two-headed ogre
  7934 | Bailey   | Killed a two-headed ogre
  8185 | D:9      | You fall into a shaft and drop 3 floors!
  8195 | D:12     | Reached skill level 7 in Spellcasting
  8310 | D:11     | Noticed a gargoyle
  8326 | D:11     | Killed a gargoyle
  8327 | D:11     | Reached skill level 8 in Spellcasting
  8327 | D:11     | Reached XP level 11. HP: 48/64 MP: 21/25
  8396 | D:10     | Entered Level 10 of the Dungeon
  9071 | D:9      | Noticed Harold
  9083 | D:9      | Killed Harold
  9098 | D:9      | Noticed a deep elf pyromancer
  9446 | D:9      | Found a burning altar of Makhleb.
  9462 | D:9      | Found a shadowy altar of Dithmenos.
  9513 | D:9      | Killed a deep elf pyromancer
  9513 | D:9      | Offered knowledge of Hailstorm by Vehumet.
  9578 | D:9      | Reached skill level 9 in Spellcasting
  9919 | D:10     | Reached *** piety under Vehumet
 10711 | D:11     | Noticed an oklob plant
 11024 | D:11     | Learned a level 4 spell: Fulminant Prism
 11034 | D:11     | Reached skill level 10 in Spellcasting
 11078 | D:11     | Killed an oklob plant
 11162 | D:11     | Noticed an oklob plant
 11265 | D:11     | Killed an oklob plant
 11282 | D:11     | Found a staircase to the Lair.
 11556 | D:11     | Found a staircase to the Orcish Mines.
 11711 | Lair:1   | Entered Level 1 of the Lair of Beasts
 11814 | Lair:1   | Reached skill level 1 in Fire Magic
 12335 | Lair:1   | Reached XP level 12. HP: 70/70 MP: 28/28
 12863 | Lair:2   | Noticed a catoblepas
 12867 | Lair:1   | Offered knowledge of Ignite Poison by Vehumet.
 13058 | Lair:2   | Noticed a catoblepas
 13071 | Lair:2   | Killed a catoblepas
 13072 | Lair:2   | Reached skill level 10 in Conjurations
 13309 | Lair:2   | Killed a catoblepas
 13498 | Lair:2   | Identified the +3 leather armour of the Learner {Fly rF+
                  | rC-}
 13704 | Lair:2   | Found a staircase to the Swamp.
 13739 | Lair:2   | Found a hole to the Spider Nest.
 14158 | Lair:3   | Reached skill level 5 in Fire Magic
 14398 | Lair:3   | Reached skill level 10 in Shields
 14408 | Lair:3   | Reached **** piety under Vehumet
 14429 | Lair:3   | Offered knowledge of Inner Flame by Vehumet.
 14439 | Lair:3   | Noticed a seven-headed hydra
 14455 | Lair:3   | Killed a seven-headed hydra
 14911 | Lair:3   | Identified a scroll of acquirement
 14956 | Lair:3   | Noticed an ice dragon
 14996 | Lair:3   | Killed an ice dragon
 15080 | Lair:3   | Acquired the Volume of the Charred Curse
 15097 | Lair:3   | Learned a level 5 spell: Fireball
 15883 | Lair:4   | Identified the +1 robe of Surprise {rC+}
 15974 | Lair:4   | Identified the +8 spear of Kismet {heavy, rPois rC+ MP+9
                  | Int+6}
 16054 | Lair:4   | Found a viscous altar of Jiyva.
 16054 | Lair:4   | Found a staircase to the Slime Pits.
 16352 | Lair:5   | Entered Level 5 of the Lair of Beasts
 16352 | Lair:5   | Noticed a death yak
 16352 | Lair:5   | Noticed a death yak
 16359 | Lair:5   | Noticed a death yak
 16359 | Lair:5   | Noticed a death yak
 16663 | Lair:5   | Reached XP level 13. HP: 74/74 MP: 29/29
 17093 | Lair:5   | Noticed a dire elephant
 17093 | Lair:5   | Noticed a dire elephant
 17093 | Lair:5   | Noticed a dire elephant
 17093 | Lair:5   | Noticed a dire elephant
 17113 | Lair:5   | Killed a dire elephant
 17113 | Lair:5   | Reached ***** piety under Vehumet
 17120 | Lair:5   | Offered knowledge of Plasma Beam by Vehumet.
 19001 | Lair:5   | Killed a dire elephant
 19002 | Lair:5   | Reached skill level 10 in Fire Magic
 19005 | Lair:5   | Killed a dire elephant
 19236 | Lair:5   | Reached XP level 14. HP: 80/80 MP: 30/30
 19349 | Lair:5   | Identified the +0 chain mail "Imoutt" {rElec Stlth+}
 19824 | Orc:1    | Entered Level 1 of the Orcish Mines
 19888 | Orc:1    | Noticed Sonja
 19890 | Orc:1    | Killed Sonja
 19897 | Orc:1    | Noticed Maurice
 19900 | Orc:1    | Killed Maurice
 20289 | Orc:2    | Entered Level 2 of the Orcish Mines
 20545 | Orc:2    | Found a staircase to the Elven Halls.
 21395 | Orc:2    | Reached skill level 10 in Dodging
 21404 | Orc:2    | Offered knowledge of Flame Wave by Vehumet.
 21484 | Orc:2    | Found Amnoant's Weapon Shoppe.
 21485 | Orc:2    | Found Lupaomir's General Store.
 21485 | Orc:2    | Found Igonotau's Book Shoppe.
 21486 | Orc:2    | Found Cyenuj's Antique Armour Shoppe.
 21497 | Orc:2    | Bought a book of Spatial Translocations for 306 gold pieces
 21497 | Orc:2    | Bought a book of Power for 714 gold pieces
 21505 | Orc:2    | Learned a level 6 spell: Iron Shot
 21508 | Orc:2    | Learned a level 2 spell: Blink
 21510 | Orc:2    | Bought a pitted helmet for 180 gold pieces
 21510 | Orc:2    | Identified the +0 helmet "Rejekeav" {Rampage rElec rF+}
                  | (You bought it in a shop on level 2 of the Orcish Mines)
 21510 | Orc:2    | Bought a spiked cloak for 180 gold pieces
 21510 | Orc:2    | Identified the +0 cloak of Xihater {+Blink} (You bought it
                  | in a shop on level 2 of the Orcish Mines)
 21721 | Orc:2    | Reached skill level 1 in Earth Magic
 22060 | Orc:1    | Reached skill level 1 in Translocations
 22366 | Orc:2    | Bought a pair of embroidered boots for 142 gold pieces
 22791 | D:12     | Noticed Frances
 22809 | D:12     | Killed Frances
 23285 | D:12     | Noticed Snorg
 23291 | D:12     | Killed Snorg
 23716 | D:12     | Found a glowing golden altar of the Shining One.
 24106 | D:13     | Reached skill level 5 in Earth Magic
 24424 | D:13     | Found a gate to the Vaults.
 24646 | D:13     | Reached XP level 15. HP: 59/86 MP: 28/31
 25084 | D:13     | Identified the +6 trident of Inflation {freeze, Str+2}
 25086 | D:13     | Reached skill level 5 in Translocations
 25281 | D:13     | Learned a level 5 spell: Iskenderun's Battlesphere
 25488 | D:13     | Identified the +1 rapier of Tac Metzidd {heavy, rC++ Str-4}
 25876 | D:13     | Identified the +0 fire dragon scales of Lamuyscha {rF++ rC-
                  | Will+}
 26843 | D:14     | Offered knowledge of Freezing Cloud by Vehumet.
 26887 | D:14     | Reached skill level 10 in Earth Magic
 27891 | D:15     | Entered Level 15 of the Dungeon
 28019 | D:15     | Found a radiant altar of Vehumet.
 28165 | D:15     | Noticed Nessos
 28188 | D:15     | Killed Nessos
 28246 | D:15     | Reached skill level 11 in Spellcasting
 28308 | D:15     | Found a snail-covered altar of Cheibriados.
 28485 | D:15     | Offered knowledge of Arcjolt by Vehumet.
 28492 | D:15     | Reached skill level 12 in Spellcasting
 28559 | D:15     | Noticed an emperor scorpion
 28560 | D:15     | an emperor scorpion changed into a quicksilver ooze
 28621 | D:15     | Found a staircase to the Depths.
 28854 | D:15     | Reached XP level 16. HP: 68/92 MP: 34/34
 29304 | Spider:1 | Entered Level 1 of the Spider Nest
 29313 | Spider:1 | Reached skill level 13 in Spellcasting
 29900 | Spider:1 | Noticed Josephine
 29903 | Spider:1 | Killed Josephine
 30044 | Spider:1 | Reached skill level 14 in Spellcasting
 30089 | Spider:1 | Noticed Donald
 30102 | Spider:1 | Killed Donald
 30256 | Spider:1 | Noticed Roxanne
 30264 | Spider:1 | Killed Roxanne
 30337 | Spider:1 | Noticed Rupert
 30373 | Spider:1 | Killed Rupert
 30436 | Spider:1 | Reached skill level 15 in Spellcasting
 30765 | Spider:1 | Reached skill level 16 in Spellcasting
 31628 | Spider:2 | Reached skill level 17 in Spellcasting
 31788 | Spider:2 | Reached ****** piety under Vehumet
 32193 | Spider:2 | Offered knowledge of Conjure Ball Lightning by Vehumet.
 32234 | Spider:2 | Reached skill level 18 in Spellcasting
 32857 | Spider:3 | Reached skill level 19 in Spellcasting
 33084 | Spider:3 | Reached XP level 17. HP: 96/96 MP: 42/42
 33747 | Spider:3 | Reached skill level 20 in Spellcasting
 33968 | Spider:4 | Entered Level 4 of the Spider Nest
 34008 | Spider:4 | Noticed Aizul
 34014 | Spider:4 | Killed Aizul
 34142 | Spider:4 | Noticed Nikola
 34150 | Spider:4 | Killed Nikola
 34651 | Spider:4 | Offered knowledge of Irradiate by Vehumet.
 34704 | Spider:4 | Noticed Kirke
 34710 | Spider:4 | Killed Kirke
 35496 | Spider:4 | Reached skill level 15 in Conjurations
 35646 | Spider:4 | Identified the +3 leather armour of the Planets {-Tele rC-
                  | rN+++ SInv}
 35758 | Spider:4 | Found the +2 hood of the Assassin {Detect Stab+ Stlth++}
 35789 | Spider:4 | Got a gossamer rune of Zot
 35947 | Swamp:1  | Entered Level 1 of the Swamp
 36268 | Swamp:1  | Identified the +8 long sword of Hoemap Gaun {pain, rPois
                  | Will+ MP+9 SInv}
 37221 | Swamp:2  | Offered knowledge of Ignition by Vehumet.
 37335 | Swamp:2  | Reached XP level 18. HP: 101/101 MP: 44/44
 37932 | Swamp:3  | Reached skill level 15 in Fire Magic
 38434 | Swamp:3  | Identified the +8 rapier "Liqef" {vamp, rF++}
 39181 | Swamp:4  | Entered Level 4 of the Swamp
 39535 | Swamp:4  | Offered knowledge of Polar Vortex by Vehumet.
 39535 | Swamp:4  | Offered knowledge of Ignition by Vehumet.
 39535 | Swamp:4  | Offered knowledge of Maxwell's Capacitive Coupling by
                  | Vehumet.
 40019 | Swamp:4  | Noticed a tentacled monstrosity
 40024 | Swamp:4  | Killed a tentacled monstrosity
 40176 | Swamp:4  | Identified the +1 war axe of the Mordant God {antimagic,
                  | rPois SInv}
 40929 | Swamp:4  | Got a decaying rune of Zot
 41522 | Elf:1    | Entered Level 1 of the Elven Halls
 42110 | Elf:1    | Got Vehumet's Omnibus of the Shot
 42877 | Elf:2    | Paralysed by an air elemental for 1 turns
 42885 | Elf:2    | Reached XP level 19. HP: 105/105 MP: 31/45
 43347 | Elf:2    | Found a runed translucent gate.
 43347 | Elf:2    | Found a runed translucent gate.
 43348 | Elf:2    | Found a runed translucent gate.
 43461 | Elf:2    | Learned a level 3 spell: Swiftness
 43471 | Elf:2    | Learned a level 9 spell: Fire Storm
 44995 | Elf:3    | Entered Level 3 of the Elven Halls
 45101 | Elf:3    | Found Ruymoacw's General Store.
 45172 | Elf:3    | Found a frozen archway.
 45212 | IceCv    | Entered an ice cave
 45977 | IceCv    | Identified the ring of Ciff {Ice rPois}
 46658 | Elf:3    | Found an ancient bone altar of Kikubaaqudgha.
 47038 | Elf:3    | Identified the +10 falchion "Hawna" {antimagic, rElec
                  | rCorr}
 47048 | Elf:3    | Identified the ring of Wonder {Fly MP-9 Str+4}
 47865 | Elf:3    | Identified the +8 long sword of Wuboowk {flame, Str+4}
 47865 | Elf:3    | Identified the amulet of Geijoyroi {Spirit rElec Str+6
                  | Dex-5}
 47873 | Elf:3    | Reached XP level 20. HP: 111/111 MP: 27/46
 48225 | Elf:3    | Found the +3 hat of Pondering {ponderous, Will+ MP+10
                  | Int+5}
 48243 | Elf:3    | Identified the +0 ring mail of Egosizaziwk {Will+ Str+2
                  | Stlth+}
 48246 | Elf:3    | Identified the staff of fire "Dimuje" {rF+ Int+4}
 48279 | Elf:3    | Learned a level 5 spell: Borgnjor's Vile Clutch
 48285 | Elf:3    | Got the Volume of the Grounded Curse
 48287 | Elf:3    | Identified the staff of earth "Anit" {rCorr}
 48326 | Elf:3    | Identified the +0 pair of gloves of Indemnity {Dex+3}
 48594 | Vaults:1 | Entered Level 1 of the Vaults
 48795 | Vaults:1 | Found Lasonino's Assorted Antiques.
 49563 | Vaults:1 | Reached skill level 21 in Spellcasting
 50980 | Vaults:2 | Noticed Jory
 50991 | Vaults:2 | Killed Jory
 51095 | Vaults:2 | Learned a level 8 spell: Lehudib's Crystal Spear
 51657 | Vaults:2 | Reached skill level 22 in Spellcasting
 52338 | Vaults:2 | Reached XP level 21. HP: 75/115 MP: 32/49
 52512 | Vaults:2 | Noticed Wueresid's ghost (adept DEHW)
 52513 | Vaults:2 | Found a large runed translucent door.
 52513 | Vaults:2 | Found a large runed translucent door.
 52620 | Vaults:2 | Killed Wueresid's ghost
 53493 | Vaults:2 | Reached skill level 23 in Spellcasting
 54390 | Vaults:3 | Found a magical portal.
 54399 | WizLab   | Entered Doroklohe's Tomb
 54570 | WizLab   | Noticed a dread lich
 54580 | WizLab   | Killed a dread lich
 56274 | WizLab   | Reached skill level 24 in Spellcasting
 57036 | Vaults:3 | Found a staircase to the Crypt.
 58041 | Vaults:3 | Found Ifihicax's Jewellery Emporium.
 58611 | Vaults:3 | Identified the +0 scale mail of Shadows and Fog {Dex+5}
 58782 | Vaults:4 | Reached XP level 22. HP: 120/120 MP: 43/52
 59054 | Vaults:4 | Reached skill level 25 in Spellcasting
 59619 | Vaults:4 | Reached skill level 1 in Necromancy
 60296 | Vaults:4 | Acquired a manual of Earth Magic
 60310 | Vaults:5 | Entered Level 5 of the Vaults
 60312 | Vaults:5 | Reached skill level 5 in Necromancy
 60339 | Vaults:5 | Reached skill level 15 in Earth Magic
 60362 | Vaults:5 | Noticed a golden dragon
 60364 | Vaults:5 | Killed a golden dragon
 60366 | Vaults:5 | Reached skill level 10 in Necromancy
 60850 | Vaults:5 | Noticed an ancient lich
 60853 | Vaults:5 | Killed an ancient lich
 60854 | Vaults:5 | Reached skill level 1 in Transmutations
 61062 | Vaults:5 | Noticed a golden dragon
 61066 | Vaults:5 | Killed a golden dragon
 61067 | Vaults:5 | Reached XP level 23. HP: 124/124 MP: 51/54
 61212 | Vaults:5 | Found Iblul's Antique Armour Boutique.
 61223 | Vaults:5 | Bought a pair of embroidered boots for 255 gold pieces
 61223 | Vaults:5 | Bought a pair of runed gloves for 255 gold pieces
 61232 | Vaults:5 | Got a silver rune of Zot
 61540 | Vaults:5 | Found Kilixeats's Distillery.
 61540 | Vaults:5 | Found Vaegh's Magic Scroll Shop.
 61788 | Vaults:5 | Reached skill level 5 in Transmutations
 61947 | Vaults:5 | Found Bieschor's Book Shoppe.
 61951 | Vaults:5 | Bought a manual of Dodging for 1280 gold pieces
 61957 | Vaults:5 | Found Kaut's Antique Armour Shop.
 61961 | Vaults:5 | Bought a pair of embroidered boots for 300 gold pieces
 62252 | Vaults:5 | Found Umno's Magic Scroll Shop.
 62252 | Vaults:5 | Found Jaeqoeti's Magic Scroll Emporium.
 62255 | Vaults:5 | Found Cozonif's Magic Scroll Shoppe.
 62263 | Vaults:5 | Bought a scroll of acquirement for 676 gold pieces
 62329 | Vaults:5 | Found Vujak's Magic Scroll Boutique.
 62334 | Vaults:5 | Bought a scroll of teleportation for 45 gold pieces
 62334 | Vaults:5 | Bought a scroll of teleportation for 45 gold pieces
 62345 | Vaults:5 | Bought a scroll of teleportation for 39 gold pieces
 62345 | Vaults:5 | Bought a scroll of fog for 52 gold pieces
 62354 | Vaults:5 | Bought a scroll of fog for 56 gold pieces
 62354 | Vaults:5 | Bought a scroll of teleportation for 42 gold pieces
 62354 | Vaults:5 | Bought a scroll of teleportation for 42 gold pieces
 62354 | Vaults:5 | Bought a scroll of fear for 56 gold pieces
 62354 | Vaults:5 | Bought a scroll of fog for 56 gold pieces
 62457 | Vaults:5 | Found Wefonn's Antique Weapon Boutique.
 62469 | Vaults:5 | Found Loag's Distillery.
 62566 | Vaults:4 | Acquired the +3 warlock's mirror {omnireflect}
 62566 | Vaults:4 | Found the +3 warlock's mirror {omnireflect}
 62597 | Vaults:4 | Acquired 659 gold pieces
 62858 | Depths:1 | Entered Level 1 of the Depths
 62858 | Depths:1 | Found a one-way gate to the infinite horrors of the Abyss.
 63408 | Depths:1 | Found a gateway to Hell.
 63682 | Depths:1 | Found a one-way gate leading to the halls of Pandemonium.
 64307 | Depths:1 | You fall into a shaft and drop 1 floor!
 64530 | Depths:2 | Noticed Bai Suzhen
 65019 | Depths:2 | Identified the +1 sling of Threshing Doom {flame, rF- rN+++
                  | Str+4 Dex-3}
 65538 | Depths:2 | Noticed Asterion
 65540 | Depths:2 | Killed Asterion
 65613 | Depths:2 | Found a hide-covered altar of Uskayaw.
 65754 | Depths:2 | Found a one-way gateway to a ziggurat.
 66119 | Depths:2 | Acquired 1278 gold pieces
 66134 | Depths:2 | Noticed Mara
 66142 | Depths:2 | Killed Mara
 66434 | Depths:2 | Killed Bai Suzhen
 67014 | Depths:3 | Reached XP level 24. HP: 125/130 MP: 44/54
 67392 | Depths:3 | Paralysed by a floating eye for 2 turns
 67749 | Depths:3 | Reached skill level 15 in Dodging
 67925 | Depths:4 | Entered Level 4 of the Depths
 67951 | Depths:4 | Reached skill level 10 in Transmutations
 68287 | Depths:4 | Found Ushrah's Weapon Emporium.
 68524 | Depths:4 | Identified the +9 glaive "Zyqioz" {heavy, *Rage rElec rPois
                  | Int-2}
 68562 | Depths:4 | Found a blossoming altar of Fedhas.
 69461 | Depths:4 | Found a gate to the Realm of Zot.
 70048 | Crypt:1  | Entered Level 1 of the Crypt
 70268 | Hell     | Entered the Vestibule of Hell
 70268 | Hell     | Noticed Murray
 70268 | Hell     | Noticed Geryon
 71131 | Depths:1 | Killed Murray
 72225 | Hell     | Found a gateway to the freezing wastes of Cocytus.
 74967 | Crypt:2  | Reached XP level 25. HP: 135/135 MP: 20/54
 75411 | Crypt:2  | Identified the +6 longbow of Wawurirr {heavy, Fragile rC++
                  | Dex+5}
 76360 | Crypt:3  | Entered Level 3 of the Crypt
 76892 | Crypt:3  | Found a staircase to the Tomb.
 77689 | Crypt:3  | Identified the ring of Qitasaif {rC+ rN+ Dex+5}
 77691 | Crypt:3  | Identified the +6 plate armour of Xom's Generosity {rCorr
                  | SInv}
 77701 | Crypt:3  | Noticed an ancient lich
 77705 | Crypt:3  | Killed an ancient lich
 77864 | Crypt:3  | Identified the ring of Uceum {rF+ rC- rN+ Int+3}
 77869 | Crypt:3  | Identified the ring of Sahylogg {rPois rN+ Will++ Stlth-}
                  | (You took it off a skeletal warrior on level 3 of the
                  | Crypt)
 77978 | Crypt:3  | Identified the +3 mace of Destiny {venom, rPois Int+5}
 77993 | Crypt:3  | Found a basalt altar of Yredelemnul.
 79232 | Crypt:3  | Reached skill level 15 in Necromancy
 79787 | Crypt:3  | Reached skill level 15 in Transmutations
 80021 | Crypt:3  | Got Khufu's Discourse on Evil
 80065 | Crypt:3  | Learned a level 8 spell: Necromutation
 80231 | Tomb:1   | Entered Level 1 of the Tomb of the Ancients
 81452 | Tomb:1   | Noticed a royal mummy
 81459 | Tomb:1   | Killed a royal mummy
 81486 | Tomb:1   | Noticed a royal mummy
 81495 | Tomb:1   | Killed a royal mummy
 82511 | Tomb:2   | Noticed a royal mummy
 82511 | Tomb:2   | Noticed a royal mummy
 82511 | Tomb:2   | Noticed a royal mummy
 82512 | Tomb:2   | Noticed a royal mummy
 82512 | Tomb:2   | Noticed a royal mummy
 82519 | Tomb:2   | Killed a royal mummy
 82520 | Tomb:2   | Killed a royal mummy
 82521 | Tomb:2   | Reached XP level 26. HP: 121/143 MP: 43/54
 82521 | Tomb:2   | Killed a royal mummy
 82522 | Tomb:2   | Killed a royal mummy
 82523 | Tomb:2   | Killed a royal mummy
 83371 | Tomb:1   | Noticed a royal mummy
 83377 | Tomb:1   | Killed a royal mummy
 83385 | Tomb:1   | Noticed a royal mummy
 83396 | Tomb:1   | Killed a royal mummy
 83425 | Tomb:1   | Noticed a royal mummy
 83702 | Tomb:1   | Killed a royal mummy
 83838 | Tomb:1   | Noticed a royal mummy
 83840 | Tomb:1   | Noticed a royal mummy
 83843 | Tomb:1   | Killed a royal mummy
 83849 | Tomb:1   | Killed a royal mummy
 84022 | Tomb:1   | Noticed a royal mummy
 84024 | Tomb:1   | Noticed a royal mummy
 84030 | Tomb:1   | Killed a royal mummy
 84259 | Tomb:1   | Noticed a royal mummy
 84265 | Tomb:1   | Killed a royal mummy
 84274 | Tomb:1   | Killed a royal mummy
 84445 | Tomb:1   | Noticed a royal mummy
 84450 | Tomb:1   | Killed a royal mummy
 84588 | Tomb:1   | Noticed a royal mummy
 84594 | Tomb:1   | Killed a royal mummy
 85480 | Tomb:3   | Entered Level 3 of the Tomb of the Ancients
 85521 | Tomb:3   | Noticed a royal mummy
 85523 | Tomb:3   | Killed a royal mummy
 85523 | Tomb:3   | Killed a royal mummy
 85524 | Tomb:3   | Noticed a royal mummy
 85525 | Tomb:3   | Killed a royal mummy
 85531 | Tomb:3   | Noticed a royal mummy
 85531 | Tomb:3   | Noticed a royal mummy
 85533 | Tomb:3   | Noticed a royal mummy
 85533 | Tomb:3   | Noticed a royal mummy
 85533 | Tomb:3   | Noticed a royal mummy
 85535 | Tomb:3   | Killed a royal mummy
 85535 | Tomb:3   | Killed a royal mummy
 85535 | Tomb:3   | Killed a royal mummy
 85535 | Tomb:3   | Noticed a royal mummy
 85536 | Tomb:3   | Killed a royal mummy
 85536 | Tomb:3   | Killed a royal mummy
 85541 | Tomb:3   | Killed a royal mummy
 85781 | Tomb:3   | Identified the staff of cold "Etauh" {Contam rF+ rC+ Dex+3}
 85966 | Tomb:3   | Identified the ring of Liat {Str+6 Dex+3}
 85970 | Tomb:3   | Identified the +0 pair of boots of the Pink Corner {+Inv
                  | rC+ Will+ Stlth+}
 86010 | Tomb:3   | Identified the +2 robe of Sif Muna's Scorn {Harm rPois
                  | Regen+}
 86016 | Tomb:3   | Identified the +1 long sword of Oozing Pus {venom, rN+}
 86017 | Tomb:3   | Identified the +8 flail of Ommeqyhu {flame, *Slow Fly Str+3
                  | Dex+4}
 86031 | Tomb:3   | Identified the +1 sling of Lyottouc {antimagic, rElec rN+
                  | Str+3}
 86058 | Tomb:3   | Identified the +1 chain mail of the Catfish {Int+2}
 86083 | Tomb:3   | Identified the +1 rapier of Extinguishment {holy, Str+2
                  | SInv}
 86089 | Tomb:3   | Identified the +4 glaive of Excruciating Pain {antimagic,
                  | SInv Stlth+}
 86129 | Tomb:3   | Got a golden rune of Zot
 87536 | Hell     | Killed Geryon
 87537 | Hell     | Reached XP level 27. HP: 137/149 MP: 15/54
 87847 | Hell     | Found a gateway to the Iron City of Dis.
 87954 | Hell     | Found a gateway to the ashen valley of Gehenna.
 88018 | Hell     | Found a gateway to the decaying netherworld of Tartarus.
 88134 | Hell     | Learned a level 9 spell: Death's Door
 88154 | Hell     | Learned a level 8 spell: Borgnjor's Revivification
 88228 | Coc:1    | Entered Level 1 of Cocytus
 88776 | Vaults:5 | Bought a scroll of fear for 60 gold pieces
 88776 | Vaults:5 | Bought a scroll of blinking for 112 gold pieces
 88776 | Vaults:5 | Bought a scroll of blinking for 112 gold pieces
 89087 | Elf:3    | Bought a scroll of blinking for 120 gold pieces
 89087 | Elf:3    | Bought a potion of curing for 48 gold pieces
 89087 | Elf:3    | Bought 2 potions of haste for 320 gold pieces
 89087 | Elf:3    | Bought a potion of curing for 48 gold pieces
 89401 | Vaults:5 | Bought a scroll of fear for 80 gold pieces
 89401 | Vaults:5 | Bought a scroll of summoning for 190 gold pieces
 89417 | Vaults:5 | Bought a scroll of summoning for 123 gold pieces
 89984 | Coc:2    | Reached skill level 1 in Armour
 90881 | Coc:4    | HP: 6/126 [caustic shrike simulacrum (7)]
 91427 | Tar:1    | Entered Level 1 of Tartarus
 91755 | Geh:1    | Entered Level 1 of Gehenna
 91755 | Geh:1    | Lost strength.
 92617 | Geh:1    | Reached skill level 5 in Armour
 93204 | Coc:4    | Reached skill level 10 in Fighting
 94284 | Zot:1    | Entered Level 1 of the Realm of Zot
 95902 | Zot:1    | Lost dexterity.
 96115 | Depths:4 | Upgraded the game from 0.30.0-30-g96aa6591b8 to 0.30.1
 96425 | Zot:1    | HP: 3/155 [something (11)]
 96425 | Zot:1    | Slain by a death cob

Illustrated notes

Levels and vault maps discovered:
D:1:      minmay_arrival_stone_box, layout_basic, minmay_surrounded
D:2:      layout_loops_ring, uniq_terence, uniq_robin
D:3:      layout_rooms, fedhas_altar_4, hellmonk_ecumenical_altar_watching_god,
          minmay_checkerbox
D:4:      nicolae_cairo_tiling, layout_rooms, minmay_manual_mares
D:5:      layout_cave_pools, temple_doors_ab, minmay_gold_behind_fungi,
          nicolae_shop_gadgets
D:6:      layout_rooms, minivault_4
D:7:      layout_basic, serial_shops, shop
D:8:      layout_loops_cross, grunt_temple_overflow_open, kennysheep_little_box,
          enter_ossuary_3, serial_shops, nicolae_shop_tiny_waterfront,
          gammafunk_ghost_grave, minmay_increasing_density, uniq_erica
D:9:      layout_cave_pools, mainiacjoe_overflow_swirl, enter_bailey_5,
          fountainhead, minmay_chambers_of_fives, uniq_harold
D:10:     layout_long_grid, kennysheep_cluttered_room
D:11:     layout_gridville, dpeg_oklobed_lair, orc_0_dummy,
          amcnicky_mini_pool_small
D:12:     layout_layer_cave, tso_altar, uniq_snorg, uniq_frances
D:13:     minmay_the_grid_octo_tiled_octocenter_mashed [minmay_the_grid_octo_77,
          minmay_the_grid_octo_horde, minmay_the_grid_octo_pinwheel,
          minmay_the_grid_octo_concentric,
          minmay_the_grid_octo_prize_ultimate_mussel_roller,
          minmay_the_grid_square_5x5_two_small,
          minmay_the_grid_square_5x5_beaten_path, minmay_the_grid_square_5x5_c,
          minmay_the_grid_square_5x5_minivault], layout_loops_ring,
          erik_vaults_2
D:14:     layout_stronghold, fountainhead
D:15:     gammafunk_enter_depths_forms, layout_gridville, cheibriados_altar_1,
          vehumet_altar_wand_db, uniq_nessos
Temple:   nicolae_temple_superstar
Lair:1:   layout_concentric_octagons, st_stairs_6, lemuel_fruit_tree,
          grunt_megastairs_3
Lair:2:   layout_roguey, skrybe_swamp_entry_bodies, spider_nest_entry_a,
          infiniplex_staircase_pool, serial_bayou_shore_a
Lair:3:   dragon1_lemuel, layout_concentric_octagons, pond,
          infiniplex_staircase_pool_2, grunt_megastairs_5
Lair:4:   layout_regular_city, dpeg_slime_entry_enclosed
Lair:5:   due_jungle_book, layout_small_grid
Swamp:1:  layout_basic_swamp, nicolae_swamp_oxbows
Swamp:2:  layout_basic_swamp, nicolae_swamp_decorative_isthmus
Swamp:3:  layout_basic_swamp, serial_swamp_ruin, evilmike_swamp_ruin_house_4,
          evilmike_swamp_ruin_house_2, evilmike_swamp_ruin_house_5
Swamp:4:  nzn_swamp_witches_coven, layout_basic_swamp
Spider:1: layout_spider_delve, uniq_rupert, uniq_josephine, uniq_roxanne,
          uniq_donald
Spider:2: layout_spider_delve, hive_lemuel
Spider:3: layout_cave_pods
Spider:4: hellmonk_spider_rune_endless_swarm, uniq_aizul, uniq_nikola,
          uniq_kirke
Orc:1:    layout_caves, lemuel_statue_altar, uniq_maurice, uniq_sonja
Orc:2:    st_orc_pillars, layout_caves, mines1_david
Elf:1:    nicolae_elf_arrival_fired_up, layout_gridlike,
          minmay_elf_annihilation, nicolae_concentric_dashed_squares_wild
Elf:2:    elven_hall_of_blades_hangedman_original
          [nicolae_blade_entry_sentries_behind_glass], layout_loops_cross
Elf:3:    minmay_elf_hall_x, layout_rooms, portal_ice_cave_entry_frozen_things,
          serial_shops, shop, basic_altar, nicolae_elf_stair_hall
Vaults:1: hangedman_vaults_restitches, ontoclasm_vaults_spin,
          nicolae_vaults_statue_guard, hangedman_vaults_variations,
          vaults_dpeg_diagonal, v_rooms_2, hangedman_vaults_corner,
          nicolae_vaults_frosty_reception, nicolae_vaults_circle_grid_b,
          nicolae_vaults_trapezoid_lopsided_4, vaults_dpeg_emergency_exit,
          grunt_vaults_hallway_short, vaults_mumra_chevron, layout_vaults_ring,
          serial_shops, nicolae_shop_temple_entry_statues_fountains
Vaults:2: advil_vaults_ghost_guards, v_pattern_3, nicolae_vaults_octothorpe,
          v_alt_pattern_2, v_rooms_5, nicolae_vaults_oval_intersection,
          v_misc_17, v_misc_9, ontoclasm_vaults_decontamination,
          nicolae_vaults_asterisk, v_misc_24, layout_vaults_omnicross, uniq_jory
Vaults:3: mu_enter_wizlab_4, v_pattern_2, nicolae_vaults_tangent_ellipses,
          nicolae_vaults_back_hallway, nicolae_vaults_what_the_h, v_misc_17,
          vaults_standard_mumra_lines, vaults_room_pool, nicolae_vaults_big_ls,
          grunt_vaults_twisty, nicolae_vaults_tetromino_T_1, v_misc_4,
          ontoclasm_vaults_shuriken, minmay_crypt_entry_simple_sparse,
          serial_ice_h, nicolae_vaults_apartment_1,
          nicolae_vaults_little_squares_4, layout_vaults_maze, serial_shops,
          shop_statue
Vaults:4: v_misc_19, nicolae_vaults_heart-shaped_vault,
          nicolae_vaults_storage_closets_3, v_misc_3, nicolae_vaults_turnstiles,
          v_alt_pattern_3, nicolae_vaults_surprise_closet,
          nicolae_vaults_more_shelving_1, vaults_room_hallway,
          nicolae_vaults_ring_of_whatevers, nicolae_vaults_house_2,
          nicolae_vaults_circle_grid_a, nicolae_vaults_offset_grid_hallway_1,
          layout_vaults_omnibox, serial_glass
Vaults:5: serial_shops
Crypt:1:  layout_gridlike, serial_sigils_hangedman_shear, grunt_megastairs_2,
          lemuel_upstairs_altar, grunt_crypt_arrival_split
Crypt:2:  layout_catacombs, minivault_25
Crypt:3:  church_of_pain_bobbens, layout_chaotic_city, tomb_entry_shell_bobbens
Tomb:1
Tomb:2
Tomb:3
Depths:1: layout_twisted_cross, fountainhead, pan_entry, hell_entry,
          abyss_entry, st_stairs_5, lemuel_freeze_loot_1
Depths:2: nicolae_terramorphic_expanse [nicolae_terramorphic_quarter,
          nicolae_terramorphic_quarter, nicolae_terramorphic_quarter,
          nicolae_terramorphic_quarter, nicolae_terramorphic_quarter,
          nicolae_terramorphic_biome, nicolae_terramorphic_biome,
          nicolae_terramorphic_biome, nicolae_terramorphic_biome],
          layout_gridlike, enter_ziggurat_a, rand_demon_pan_entry_9,
          nicolae_uskayaw_dance_hall, hell_entry, uniq_mara, uniq_bai_suzhen,
          uniq_asterion
Depths:3: evilmike_diamond_2, layout_cave_pools, abyss_entry, hell_entry,
          rand_demon_pan_entry_7, minmay_misc_feat_rows
Depths:4: evilmike_zot_entry_gauntlet, layout_cave_pools, hellmouth_1,
          serial_shops, shop, lemuel_round_altar, abyss_entry
Hell
Geh:1:    nicolae_geh_tyrants_menagerie, layout_gehenna_pools_triple
Coc:1:    layout_cocytus_water_paths
Coc:2:    layout_cocytus_delve
Coc:3:    layout_cocytus_delve
Coc:4:    layout_ice_bergs
Coc:5:    layout_cocytus_water_paths
Tar:1:    layout_honeycomb, nicolae_hells_seeping_fissure
Zot:1:    hangedman_orp_of_zott, layout_cathedral_of_symmetry
Zot:2:    nicolae_zot_draconian_monastery, layout_gridlike

Skill      XL: |  1  2  3  4  5  6  7  8  9 10 11 12 13 14 15 16 17 18 19 20 21 22 23 24 25 26 27 |
---------------+----------------------------------------------------------------------------------+-----
Spellcasting   | 4 5 6 8 10 12 19 20 22 24 25 | 25.0
Conjurations   | 5 6 7 9 11 13 14 15 17 18 20 22 23 | 23.0
Summonings     | 3 5 7 10 | 10.0
Air Magic      | 1 3 5 8 |  8.0
Dodging        | 3 7 9 10 13 19 20 | 20.0
Fighting       | 4 6 7 8 9 11 | 11.0
Shields        | 3 5 8 11 12 13 | 13.0
Fire Magic     | 2 7 10 11 14 18 20 21 | 21.0
Earth Magic    | 6 12 17 21 | 21.0
Translocations | 4 6 |  6.0
Necromancy     | 11 12 17 23 24 | 24.0
Transmutations | 2 6 12 16 | 16.0
Armour         | 9 |  9.0
Stealth        | |  2.4

Action                     |  1- 3 |  4- 6 |  7- 9 | 10-12 | 13-15 | 16-18 | 19-21 | 22-24 | 25-27 || total
---------------------------+-------+-------+-------+-------+-------+-------+-------+-------+-------++-------
  Melee: Unarmed           |     4 |       |       |       |       |       |       |       |       ||     4
         Short sword       |       |       |     2 |       |       |       |       |       |       ||     2
         Staff             |       |       |       |       |     5 |       |       |       |       ||     5
         Spear             |       |       |       |       |     2 |    12 |     8 |     7 |       ||    29
         Dagger            |       |       |       |       |       |       |       |       |    10 ||    10
   Fire: Sling             |       |       |       |       |       |       |       |    37 |    20 ||    57
   Cast: Magic Dart        |    89 |    93 |   153 |   282 |   160 |   119 |    60 |     6 |     7 ||   969
         Searing Ray       |     1 |    13 |    32 |    51 |    46 |     4 |       |       |       ||   147
         Summon Lightning  |       |       |    23 |   157 |   122 |   140 |   130 |    40 |    76 ||   688
         Airstrike         |       |       |     2 |     6 |     2 |       |       |       |       ||    10
         Fulminant Prism   |       |       |       |    46 |     6 |     2 |       |       |       ||    54
         Fireball          |       |       |       |     5 |   299 |   103 |   162 |    81 |    42 ||   692
         Blink             |       |       |       |       |     3 |     3 |     1 |    10 |     9 ||    26
         Dazzling Flash    |       |       |       |       |     1 |       |       |       |       ||     1
         Iron Shot         |       |       |       |       |    56 |   465 |   491 |   293 |   326 ||  1631
         Iskenderun's Batt |       |       |       |       |    15 |    97 |    63 |     8 |     3 ||   186
         Swiftness         |       |       |       |       |       |       |     2 |     2 |     4 ||     8
         Borgnjor's Vile C |       |       |       |       |       |       |    12 |    15 |    36 ||    63
         Fire Storm        |       |       |       |       |       |       |     1 |   162 |   196 ||   359
         Lehudib's Crystal |       |       |       |       |       |       |     1 |    50 |    67 ||   118
         Necromutation     |       |       |       |       |       |       |       |       |    16 ||    16
Ability: Evoke Blink       |       |       |       |       |     1 |       |       |       |       ||     1
  Evoke: Wand              |       |       |       |       |     1 |     1 |     4 |       |     1 ||     7
    Use: Scroll            |       |       |    13 |    17 |     6 |     9 |     7 |     8 |    16 ||    76
         Potion            |       |       |       |     2 |       |     2 |       |     6 |     7 ||    17
   Stab: Betrayed ally     |       |       |     1 |       |       |       |       |       |       ||     1
         Distracted        |       |       |       |       |       |       |     1 |       |       ||     1
 Armour: Robe              |     3 |    10 |    18 |    44 |    59 |    56 |    20 |    44 |   106 ||   360
  Dodge: Dodged            |     5 |    32 |    48 |   127 |   134 |   171 |    56 |   100 |   193 ||   866
         Repelled          |       |       |       |       |       |     1 |       |       |       ||     1
  Block: Buckler           |       |       |     7 |    36 |       |       |       |       |       ||    43
         Kite shield       |       |       |       |     8 |   128 |   204 |   100 |   148 |   251 ||   839
         Reflection        |       |       |       |       |       |    14 |    40 |    15 |     9 ||    78
